 Dungeon Crawl Stone Soup version 0.17-a0-1798-g879a7aa (webtiles) character file.

488 terribad the Chopper (level 6, 0/53 HPs)
             Began as a Demigod Fighter on Sept 10, 2015.
             Slain by a gnoll
             ... wielding a +0 spear
              (5 damage)
             ... on level 4 of the Dungeon.
             The game lasted 00:14:44 (3854 turns).

terribad the Chopper (Demigod Fighter)              Turns: 3854, Time: 00:14:44

Health: 0/53       AC:  7    Str: 23    XL:     6   Next: 58%
Magic:  17/17      EV:  8    Int: 12    God:
Gold:   196        SH: 10    Dex: 15    Spells: 0 memorised, 5 levels left

rFire  + . .     SeeInvis .     a - +0 war axe
rCold  + . .     Clarity  .     b - +0 scale mail
rNeg   . . .     SustAt   +     c - +0 shield
rPois  +         Gourm    .     (no helmet)
rElec  +         Spirit   .     (no cloak)
rCorr  +         Warding  .     (no gloves)
rMut   .         Stasis   .     g - +0 pair of boots
MR     .....                    (no amulet)
Stlth  ..........               (no ring)
                                A - ring of magical power

@: resistant, not resistant to hostile enchantments, extremely unstealthy
A: high mp 1, sustain attributes
a: no special abilities


You were on level 4 of the Dungeon.
You were not hungry.

You visited 1 branch of the dungeon, and saw 5 of its levels.

You collected 196 gold pieces.

Inventory:

Hand weapons
 a - a +0 war axe (weapon)
 d - a +0 dagger
 l - a +0 spear of piercing
Armour
 b - a +0 scale mail (worn)
 c - a +0 shield (worn)
 g - a +0 pair of boots (worn)
Jewellery
 s - an uncursed amulet of resist corrosion
 A - a ring of magical power (left hand)
Scrolls
 f - 4 scrolls of remove curse
 h - 2 scrolls of magic mapping
 i - a scroll of recharging {unknown}
 j - 2 scrolls of enchant weapon
 q - a scroll of teleportation {unknown}
 v - a scroll of random uselessness {unknown}
 x - a scroll of immolation {unknown}
 y - a scroll of fear {unknown}
 C - a scroll of enchant armour {unknown}
Potions
 m - a potion of flight
 p - a potion of cure mutation {unknown}
 r - a potion of haste {unknown}
 t - 2 potions of brilliance
 u - a potion of invisibility {unknown}
Comestibles
 e - 3 bread rations
 n - 2 meat rations
 o - a chunk of flesh


   Skills:
 * Level 4.7 Fighting
 * Level 4.8 Axes
 + Level 3.0 Armour
 + Level 1.0 Dodging
 + Level 3.3 Shields


You had 5 spell levels left.
You didn't know any spells.

Dungeon Overview and Level Annotations

Branches:
Dungeon (5/15)
 Temple: D:4-7

Annotations:
D:3 exclusion: oklob plant
D:4 Eustachio


Innate Abilities, Weirdness & Mutations

You have an increased reservoir of magic (+10% MP).
Your attributes are resistant to harm.


Message History

The gnoll hits you from afar with a spear.
* * * LOW HITPOINT WARNING * * *
You block the quasit's attack. The quasit barely misses you.
You block the quasit's attack. Eustachio hits you with a falchion.
* * * LOW HITPOINT WARNING * * *
The river rat bites you.
* * * LOW HITPOINT WARNING * * *
The gnoll hits you but does no damage. The quasit barely misses you.
The quasit claws you but does no damage. x2
The gnoll shaman hits you but does no damage.
You barely miss Eustachio.
Eustachio is severely wounded.
You miss the quasit.
The quasit is heavily wounded.
You hit the gnoll shaman.
You kill the gnoll shaman!
You hit the river rat but do no damage.
The river rat is heavily wounded.
The gnoll hits you from afar with a spear.
You die...

###.....########........#
#...###### #........#
###......#######........#
######........)g.......
#########(.......#
#.........# ##....###.#.#
#.........# #5......#
#.........####@5.....#
#....?....##r@5o.....#
#.........##)##o#.####
#...o....!##g##...#
#...5o.o..#.S...###### ..
#..<5..g..#>#g#.###.. #. #
#.................#.#
#.###
##.######.....oZ..#.#
#.... ..
##...........######....
.##
####................##....


You could see Eustachio, an iron imp, a quasit, a gnoll, an adder, a river rat,
a shadow imp, 2 orcs and a hobgoblin.

Vanquished Creatures
  2 ogres
  A hound (D:4)
  A crimson imp (D:3)
  An iguana (D:4)
  A worker ant (D:4)
  A giant frog skeleton (D:3)
  A gnoll shaman (D:4)
  6 adders
  2 gnolls (D:4)
  An ooze (D:1)
  A worm (D:3)
  2 giant geckos
  10 orcs
  2 ball pythons
  5 giant cockroaches
  2 hobgoblins
  8 jackals
  3 quokkas
  13 bats
  6 giant newts
  8 goblins
  5 kobolds
  3 rats
85 creatures vanquished.

Vanquished Creatures (others)
  13 toadstools (D:3)
13 creatures vanquished.

Grand Total: 98 creatures vanquished

Notes
Turn   | Place    | Note
--------------------------------------------------------------
     0 | D:1      | terribad the Demigod Fighter began the quest for the Orb.
     0 | D:1      | Reached XP level 1. HP: 18/18 MP: 3/3
   268 | D:1      | Reached XP level 2. HP: 16/25 MP: 4/4
   971 | D:2      | Reached skill level 3 in Fighting
  1015 | D:2      | Reached XP level 3. HP: 20/31 MP: 5/5
  1173 | D:2      | Found a stormy altar of Qazlal.
  1493 | D:2      | Found a burning altar of Makhleb.
  1498 | D:2      | Found a glowing silver altar of Zin.
  1498 | D:2      | Noticed an angel
  1499 | D:2      | Noticed a cacodemon
  1583 | D:3      | Found a shattered altar of Ashenzari.
  1585 | D:3      | Found a sacrificial altar of Ru.
  1585 | D:3      | Found a radiant altar of Vehumet.
  1585 | D:3      | Found a sparkling altar of Nemelex Xobeh.
  1585 | D:3      | Found a glowing golden altar of the Shining One.
  1785 | D:3      | Noticed an ogre
  1814 | D:3      | Killed an ogre
  1814 | D:3      | Reached skill level 4 in Axes
  1814 | D:3      | Reached XP level 4. HP: 13/40 MP: 6/6
  1814 | D:3      | Reached XP level 5. HP: 14/46 MP: 7/7
  2249 | D:3      | Found a deep blue altar of Sif Muna.
  2275 | D:3      | Found an iron altar of Okawaru.
  2299 | D:3      | Found a bloodstained altar of Trog.
  2662 | D:3      | Found a shimmering altar of Xom.
  2761 | D:3      | Found a shimmering altar of Xom.
  2764 | D:3      | Found a shimmering altar of Xom.
  2831 | D:3      | You fall through a shaft!
  2831 | D:4      | Noticed an ogre
  2835 | D:4      | Killed an ogre
  2835 | D:4      | Reached XP level 6. HP: 51/53 MP: 8/8
  2877 | D:4      | Noticed Eustachio
  2888 | D:4      | Reached skill level 1 in Dodging
  2927 | D:5      | Entered Level 5 of the Dungeon
  3562 | D:3      | Found a blossoming altar of Fedhas.
  3578 | D:3      | Noticed an oklob plant
  3854 | D:4      | Slain by a gnoll

Vault maps used:
D:1:      dpeg_arrival_lava_temple_mockup, st_stairs_4
D:2:      grunt_temple_overflow_order_and_chaos_2, overflow_temple_1_default,
          minmay_misc_feat_alley, corexii_hall_statues_u
D:3:      xom_redecorated, tgw_fedhas, grunt_temple_overflow_open, minitemple,
          first_bread, kennysheep_decorative_pillar
D:4:      minmay_goblin_outpost, uniq_eustachio
D:5:      lemuel_upstairs_altar, serial_shops, shop_statue,
          minmay_misc_feat_cross

Action                   |  1- 3 |  4- 6 || total
-------------------------+-------+-------++-------
Melee: War axe           |   135 |   184 ||   319
       Spear             |       |    19 ||    19
  Use: Potion            |     1 |     4 ||     5
       Scroll            |       |     9 ||     9
  Eat: Chunk             |     2 |     8 ||    10
